Map: Magannatha LE

Players

Sindyr

  • Race: Zerg Zerg
  • League: Master
  • Spawn Location: 11:00

JimVlad - Winner!

  • Race: Terran Terran
  • League: Silver
  • Spawn Location: 5:00

VOD

Have the link to the VOD?

Description

Time

  • Played on: Sept. 24, 2025, 6:22 p.m.
  • Length: 8:30
Show
View Real Time Build Order
Export as new Build Order

Sindyr Zerg 

Build Orders: Hatch First 

Get SALT Encoding   

  12  0:03  Drone  
  13  0:12  Overlord  
  13  0:25  Drone  
  14  0:31  Drone x2  
  16  0:48  Hatchery  
  15  0:52  Drone  
  15  0:56  Drone  
  17  1:00  Extractor  
  16  1:10  Drone x2  
  18  1:21  Spawning Pool  
  17  1:28  Drone  
  18  1:35  Drone  
  19  1:41  Drone  
  20  2:10  Evolution Chamber  
  19  2:18  Drone  
  19  2:19  Drone x4  
  19  2:21  Queen x2  
  28  2:26  Overlord  
  28  2:44  Drone x2  
  30  2:54  Zerg Missile Weapons Level 1  
  30  2:59  Roach Warren  
  29  3:06  Drone x4  
  29  3:07  Drone x2  
  35  3:17  Overlord  
  35  3:28  Metabolic Boost  
  35  3:30  Zergling x2  
  36  3:39  Extractor  
  35  4:20  Lair  
  35  4:26  Evolution Chamber  
  34  4:39  Drone x10  
  44  4:48  Zerg Ground Armor Level 1  
  44  4:55  Extractor  
  43  5:18  Hatchery, Zerg Missile Weapons Level 2  
  42  5:55  Overlord x3  
  42  6:06  Infestation Pit  
  42  6:07  Drone  
  42  6:08  Drone  
  42  6:09  Drone  
  44  6:34  Extractor  
  43  6:43  Hive  
  43  6:53  Drone x3  
  46  7:02  Queen  
  46  7:06  Drone x13  
  61  7:10  Drone x3  
  61  7:11  Drone x2  
  66  7:21  Overlord x2  
  66  7:32  Pneumatized Carapace  
Show
View Real Time Build Order
Export as new Build Order

JimVlad Terran - Winner!

Build Orders:  

Get SALT Encoding   

  12  0:02  SCV  
  13  0:15  SCV  
  13  0:20  Supply Depot  
  14  0:27  SCV  
  15  0:42  SCV  
  16  0:54  SCV  
  17  1:06  SCV  
  18  1:18  SCV  
  19  1:27  Command Center  
  19  1:30  SCV  
  20  1:33  Barracks  
  20  1:39  Supply Depot  
  20  1:42  Refinery, SCV  
  21  1:55  SCV  
  22  2:07  SCV  
  23  2:15  Refinery  
  23  2:19  SCV  
  23  2:21  Marine  
  25  2:27  Bunker  
  25  2:31  SCV  
  26  2:39  Marine  
  26  2:43  SCV  
  28  2:51  SCV  
  29  2:55  SCV  
  29  2:57  Marine  
  31  3:00  Factory  
  31  3:03  SCV  
  32  3:07  SCV  
  33  3:15  SCV  
  33  3:16  Refinery  
  33  3:19  SCV  
  35  3:23  Refinery  
  35  3:27  SCV  
  36  3:39  SCV  
  37  3:46  Engineering Bay, Starport  
  37  3:51  SCV  
  37  3:53  Starport  
  37  3:55  Widow Mine  
  40  4:03  SCV  
  41  4:15  SCV  
  41  4:16  Widow Mine  
  44  4:20  Missile Turret  
  44  4:28  SCV  
  44  4:30  Fusion Core  
  45  4:35  Starport  
  45  4:36  Starport Tech Lab  
  45  4:37  Starport Tech Lab  
  45  4:40  SCV  
  46  4:56  Missile Turret  
  46  5:16  Supply Depot  
  46  5:21  Supply Depot  
  46  5:30  Supply Depot  
  46  5:33  SCV  
  46  5:37  Widow Mine  
  46  5:40  Supply Depot  
  46  5:42  Battlecruiser  
  54  5:43  Battlecruiser  
  54  5:45  Starport Tech Lab  
  60  5:59  Widow Mine  
  62  6:07  Command Center  
  62  6:15  Supply Depot  
  62  6:19  Supply Depot  
  62  6:28  Factory Tech Lab  
  62  6:32  SCV  
  63  6:44  SCV  
  67  6:47  Siege Tank  
  67  6:50  Battlecruiser x2  
  79  6:56  SCV  
  80  7:08  SCV  
  81  7:10  Missile Turret  
  81  7:11  Supply Depot  
  81  7:16  Battlecruiser  
  81  7:20  SCV  
  88  7:33  Armory  
  88  7:50  Supply Depot  
  88  7:56  Missile Turret  
Tags
 
Matchup
TvZ
Replay Pack
Multiplayer
Spawn Locations
Cross Positions
Add a new tag
Caveats
  • Supply blocks, unpowered buildings, or Contaminate may cause inaccurate times.
  • Supply counts are checked every 10 seconds.